 Dungeon Crawl Stone Soup version 0.19.1-1-g22dce08 (webtiles) character file.

12371 esteth the Grappler (level 11, -1/107 HPs)
             Began as a Troll Monk on Jan 10, 2017.
             Slain by a hill giant
             ... wielding a +0 giant spiked club
              (38 damage)
             ... on level 12 of the Dungeon.
             The game lasted 00:33:13 (9677 turns).

esteth the Grappler (Troll Monk)                    Turns: 9677, Time: 00:33:14

Health: -1/107     AC: 12    Str: 21    XL:     11   Next: 61%
Magic:  19/19      EV: 14    Int:  6    God:
Gold:   655        SH:  0    Dex: 15    Spells: 0 memorised, 10 levels left

rFire  . . .     SeeInvis .       - Unarmed
rCold  . . .     Gourm    +     p - +3 troll leather armour {Purgy}
rNeg   . . .     Faith    .     (no shield)
rPois  .         Spirit   .     (helmet restricted)
rElec  .         Reflect  .     O - +0 cloak
rCorr  .         Harm     .     (gloves unavailable)
MR     .....                    (boots unavailable)
Stlth  ++........               d - amulet of rage
                                J - +3 ring of evasion
                                u - ring of magical power

@: very slightly contaminated, hasted, very quick
A: unfitting armour, claws 3, fast metabolism 3, gourmand, regeneration 1,
shaggy fur 1, tough skin 2
a: Evoke Berserk Rage


You were on level 12 of the Dungeon.
You were very full.

You visited 1 branch of the dungeon, and saw 12 of its levels.
You also visited: Sewer.

You collected 655 gold pieces.

Inventory:

Missiles
 i - 7 javelins (quivered)
 z - 6 tomahawks of returning
Armour
 a - a +2 robe
 p - a +3 troll leather armour (worn) {Purgy}
 O - a +0 cloak (worn)
Jewellery
 d - an amulet of rage (around neck)
 g - an uncursed ring of wizardry
 j - an uncursed ring of fire
 k - an uncursed amulet of faith
 u - a ring of magical power (left claw)
 J - a +3 ring of evasion (right claw)
Wands
 y - a wand of flame (25/48)
 E - a wand of random effects (21/48)
 G - a wand of iceblast (7/15)
 I - a wand of teleportation (3/9)
 P - a wand of flame (18/48)
Scrolls
 m - 2 scrolls of fear
 o - a scroll of immolation {unknown}
 r - 2 scrolls of teleportation
 s - 11 scrolls of identify
 v - 5 scrolls of remove curse
 F - a scroll of amnesia
 H - a scroll of random uselessness {unknown}
 K - a scroll of acquirement {unknown}
 L - a scroll of fog {unknown}
Potions
 f - a potion of ambrosia
 h - a potion of magic
 n - 2 potions of lignification
 t - a potion of brilliance
 x - a potion of degeneration
 A - 2 potions of flight
 N - a potion of cancellation {unknown}
 Q - a potion of mutation {unknown}
Books
 q - a book of Conjurations

   Spells                             Type                      Level
   a - Magic Dart                     Conjuration                  1
   b - Searing Ray                    Conjuration                  2
   c - Dazzling Spray                 Conjuration/Hexes            3
   d - Fulminant Prism                Conjuration/Hexes            4
   e - Iskenderun's Mystic Blast      Conjuration                  4
   f - Iskenderun's Battlesphere      Conjuration/Charms           5
 w - a book of Callings

   Spells                             Type                      Level
   a - Summon Small Mammal            Summoning                    1
   b - Call Imp                       Summoning                    2
   c - Call Canine Familiar           Summoning                    3
   d - Summon Guardian Golem          Hexes/Summoning              3
   e - Summon Lightning Spire         Summoning/Air                4
   f - Summon Ice Beast               Ice/Summoning                4
 C - a book of Air

   Spells                             Type                      Level
   a - Shock                          Conjuration/Air              1
   b - Swiftness                      Charms/Air                   2
   c - Repel Missiles                 Charms/Air                   2
   d - Static Discharge               Conjuration/Air              3
   e - Lightning Bolt                 Conjuration/Air              5
 M - a book of Misfortune

   Spells                             Type                      Level
   a - Confusing Touch                Hexes                        1
   b - Confuse                        Hexes                        3
   c - Gell's Gravitas                Hexes/Translocation          3
   d - Petrify                        Transmutation/Earth          4
   e - Metabolic Englaciation         Hexes/Ice                    5
   f - Yara's Violent Unravelling     Hexes/Transmutation          5
Comestibles
 b - 13 bread rations {@e1}
 c - 4 meat rations {@e2}
 l - 8 fruits
 B - a slice of pizza


   Skills:
 - Level 6.8 Fighting
 + Level 4.3 Throwing
 - Level 6.3 Armour
 - Level 3.6 Dodging
 - Level 1.0 Stealth
 - Level 13.7 Unarmed Combat
 - Level 1.0 Evocations


You had 10 spell levels left.
You didn't know any spells.

Dungeon Overview and Level Annotations

Branches:
Dungeon (12/15)            Temple (0/1) D:6             Orc (0/2) D:9
   Lair: D:8-11

Altars:
Gozag
Makhleb
Nemelex Xobeh
Okawaru
Ru
Trog
Uskayaw
Zin

Annotations:
D:9 exclusion: shadow imp
D:11 exclusion: wizard, Lluna's ghost, journeyman SpEn


Innate Abilities, Weirdness & Mutations

You are too large for most types of armour.
You have claws for hands.
Your metabolism is lightning-fast.
You like to eat raw meat.
Your natural rate of healing is unusually fast.
You are covered in fur. (AC +1)
You have very tough skin. (AC +2)


Message History

Aim: a hill giant, wielding a giant spiked club (chance to defeat MR: 37%) Nothing appears to happen.
This wand has 5 charges left.
You feel less exhausted.
Evoke which item? (* to show all) (? for menu, Esc to quit)
Zapping:
I - a wand of teleportation (5/9)
Press: ? - help, Shift-Dir - straight line, f/p - hill giant
Aim: a hill giant, wielding a giant spiked club (chance to defeat MR: 37%) Nothing appears to happen.
This wand has 4 charges left.
Evoke which item? (* to show all) (? for menu, Esc to quit)
Zapping:
I - a wand of teleportation (4/9)
Press: ? - help, Shift-Dir - straight line, f - you, p - hill giant Nothing appears to happen.
This wand has 3 charges left.
You are no longer glowing.
You feel less confused. The hill giant completely misses you.
You feel yourself speed up.
You mangle the hill giant!!
The hill giant is moderately wounded.
The hill giant hits you with a giant spiked club!!!
You die...

.....<..#
........#
........#
........##
........<#
.........#
.........#
.......C.#
.......@.#
.........#
.........#
........##
........#
........#
........#
........#


You could see a hill giant.

Vanquished Creatures
  Pikel (D:4)
  2 hill giants
  A hornet (D:8)
  A troll (D:8)
  A two-headed ogre (D:8)
  2 hippogriffs
  The ghost of nikopol the Skirmisher, an amateur GrBe of Trog (D:4)
  A spriggan (D:7)
  16 yaks
  A vampire (D:9)
  A shadow (D:11)
  A steam dragon (D:11)
  Duvessa (D:7)
  A sky beast (D:9)
  Purgy (D:4)
  12 orc warriors
  A black bear (D:10)
  5 phantoms
  6 ice beasts
  A slave (D:4)
  2 centaurs
  A necrophage (D:6)
  10 ogres
  2 crocodiles
  8 big kobolds
  2 bullfrogs
  Dowan (D:7)
  3 gnoll sergeants
  17 killer bees
  2 electric eels (D:7)
  A howler monkey (D:7)
  4 crimson imps
  A quasit (D:9)
  2 bullfrog skeletons
  2 jellies
  2 hounds (D:9)
  4 orc priests
  7 orc wizards
  A centaur skeleton (D:10)
  5 iguanas
  7 worker ants
  A killer bee zombie (D:5)
  A hound zombie (D:7)
  3 hound skeletons
  12 adders
  10 gnolls
  A howler monkey skeleton (D:9)
  4 shadow imps
  An adder zombie (D:4)
  2 oozes
  2 adder skeletons
  3 worms
  2 dart slugs
  5 leopard geckos
  68 orcs
  6 giant cockroaches
  11 goblins
  16 hobgoblins
  6 jackals
  22 kobolds
  5 quokkas
  2 ball pythons
  5 bats
  4 frilled lizards
  A leopard gecko zombie (D:6)
  11 rats
345 creatures vanquished.

Vanquished Creatures (others)
  5 bushes (D:9)
5 creatures vanquished.

Grand Total: 350 creatures vanquished

Notes
Turn   | Place    | Note
-------+----------+-------------------------------------------
     0 | D:1      | esteth the Troll Monk began the quest for the Orb.
     0 | D:1      | Reached XP level 1. HP: 22/22 MP: 0/0
   234 | D:1      | Reached XP level 2. HP: 29/29 MP: 1/1
   734 | D:2      | Reached XP level 3. HP: 36/36 MP: 2/2
   902 | D:2      | Found a sparkling altar of Nemelex Xobeh.
  1195 | D:3      | Reached skill level 1 in Evocations
  1294 | D:3      | Reached skill level 4 in Unarmed Combat
  1427 | D:3      | Reached XP level 4. HP: 41/44 MP: 3/3
  1782 | D:3      | Found a faded altar of an unknown god.
  1782 | D:3      | Found a glowing silver altar of Zin.
  1796 | D:3      | Found a hide-covered altar of Uskayaw.
  1801 | D:3      | Found a faded altar of an unknown god.
  1803 | D:3      | Found a burning altar of Makhleb.
  1983 | D:4      | Noticed Purgy
  1996 | D:4      | Killed Purgy
  1996 | D:4      | Reached skill level 5 in Unarmed Combat
  1996 | D:4      | Reached XP level 5. HP: 15/50 MP: 4/4
  2060 | D:4      | Reached skill level 6 in Unarmed Combat
  2255 | D:4      | Noticed Pikel
  2255 | D:4      | Noticed a slave
  2264 | D:4      | Killed a slave
  2267 | D:4      | Noticed a slave
  2269 | D:4      | Noticed a slave
  2277 | D:4      | Killed Pikel
  2277 | D:4      | Reached skill level 8 in Unarmed Combat
  2277 | D:4      | Reached XP level 6. HP: 50/59 MP: 5/5
  2277 | D:4      | Reached XP level 7. HP: 56/66 MP: 6/6
  2373 | D:4      | Reached skill level 9 in Unarmed Combat
  2382 | D:4      | Noticed nikopol's ghost (amateur GrBe)
  2412 | D:4      | Killed nikopol's ghost
  2412 | D:4      | Reached XP level 8. HP: 74/74 MP: 7/7
  2491 | D:4      | Reached skill level 10 in Unarmed Combat
  2800 | D:5      | Entered Level 5 of the Dungeon
  2889 | D:5      | Found a glowing drain.
  2909 | Sewer    | Entered a sewer
  3061 | D:5      | Found an iron altar of Okawaru.
  3387 | D:5      | Reached skill level 11 in Unarmed Combat
  3580 | D:5      | Reached skill level 1 in Armour
  3866 | D:5      | Found a sacrificial altar of Ru.
  4016 | D:6      | Found a staircase to the Ecumenical Temple.
  4052 | D:6      | Found an opulent altar of Gozag.
  4159 | D:6      | Reached XP level 9. HP: 76/83 MP: 8/8
  4655 | D:7      | Noticed Duvessa
  4655 | D:7      | Noticed Dowan
  4660 | D:7      | Killed Duvessa
  4662 | D:7      | Killed Dowan
  5824 | D:8      | You fall through a shaft for 2 floors!
  5824 | D:10     | Entered Level 10 of the Dungeon
  5961 | D:9      | Reached skill level 5 in Fighting
  6034 | D:9      | Reached skill level 12 in Unarmed Combat
  6061 | D:9      | Noticed a wolf spider
  6061 | D:9      | Noticed a fire dragon
  6061 | D:9      | Noticed a yaktaur captain
  6156 | D:10     | Reached XP level 10. HP: 96/96 MP: 9/9
  6258 | D:10     | Reached skill level 5 in Armour
  6345 | D:10     | Noticed a hill giant
  6599 | D:9      | Noticed a flayed ghost
  7114 | D:10     | Killed a hill giant
  7547 | D:9      | Reached XP level 11. HP: 87/107 MP: 10/10
  7565 | D:9      | Reached skill level 13 in Unarmed Combat
  7870 | D:9      | Found a staircase to the Orcish Mines.
  8777 | D:8      | Found a bloodstained altar of Trog.
  8915 | D:8      | Reached skill level 1 in Throwing
  9107 | D:8      | Paralysed by a hornet for 1 turns
  9399 | D:11     | Noticed a wizard
  9415 | D:11     | Noticed a hill giant
  9423 | D:11     | Killed a hill giant
  9566 | D:11     | Noticed Lluna's ghost (journeyman SpEn)
  9666 | D:12     | Noticed a hill giant
  9677 | D:12     | Slain by a hill giant

Skill      XL: |  1  2  3  4  5  6  7  8  9 10 11 |
---------------+----------------------------------+-----
Evocations     | 1 |  1.0
Unarmed Combat | 4 5 8 9 11 12 13 | 13.7
Armour         | 1 4 6 |  6.3
Fighting       | 3 5 6 |  6.8
Dodging        | 3 |  3.6
Throwing       | 4 |  4.3
Stealth        | |  1.0

Action                   |  1- 3 |  4- 6 |  7- 9 | 10-12 || total
-------------------------+-------+-------+-------+-------++-------
Melee: Unarmed           |    73 |    80 |   374 |   476 ||  1003
       Punch             |     4 |     3 |    10 |    24 ||    41
Throw: Javelin           |       |       |       |     7 ||     7
 Abil: Evoke Berserk Rag |       |       |     2 |       ||     2
Evoke: Wand              |       |       |       |     3 ||     3
  Use: Scroll            |     6 |       |     3 |     6 ||    15
       Potion            |       |       |       |    12 ||    12
 Stab: Sleeping          |     5 |       |     3 |     3 ||    11
  Eat: Chunk             |    18 |     6 |    35 |    35 ||    94
Armor: Robe              |    26 |    23 |       |       ||    49
       Troll leather arm |       |     5 |   103 |   143 ||   251
Dodge: Dodged            |    35 |    35 |   129 |   221 ||   420
